AoeStats
← ME_DEPRIME_JUGAR_CON_USTEDES

Lombardia

509525877Analyzed
4v4 RM · 4d ago on Sep 27, 2026· 60m 1s· 8 players
Game mode
Random Map
Map size
Large (8 player)
Population
200
Speed
Normal
Resources
Standard
Victory
Conquest
Starting age
Dark Age
Ending age
Imperial Age
RankedLock teamsTeams togetherTeam positionsShared explorationLock speedFull tech treeHidden civsTurbo modeCheats
Victory
Defeat
🇲🇽 Goths · Mexico
1530
+14
🇺🇸 Mongols · United States
1486
+16
🇺🇸 Varangians · United States
1463
+17
🇺🇸 Danes · United States
1407
+19
🇦🇷 Maya · Argentina
1566
-21
🇦🇷 Persians · Argentina
1464
-16
🇦🇷 Mongols · Argentina
1443
-15
🇦🇷 Sicilians · Argentina
1434
-14
[DH]Howl Jenkins
3:32 Loom
13:34 Feudal Age
13:36 Man-at-Arms
14:06 Double-Bit Axe
20:57 Castle Age
19:08 Fletching
19:33 Gold Mining
19:30 Horse Collar
20:49 Scale Mail Armor
21:02 Long Swordsman
21:58 Chain Mail Armor
22:00 Bow Saw
22:45 Forging
23:18 Squires
23:35 Crossbowman
24:50 Bodkin Arrow
27:07 Wheelbarrow
27:44 Ballistics
34:35 Imperial Age
32:55 Heavy Plow
34:29 Iron Casting
35:24 Hand Cart
35:34 Anarchy
39:41 Blast Furnace
39:07 Conscription
39:07 Pikeman
39:51 Halberdier
39:58 Elite Huskarl
40:46 Perfusion
42:43 Town Watch
44:04 Sanctity
44:10 Bracer
46:48 Crop Rotation
47:19 Two-Man Saw
50:51 Stone Mining
53:07 Two-Handed Swordsman
60:16 Caravan
[um] The Inland taipan
11:42 Feudal Age
15:30 Castle Age
14:00 Fletching
16:29 Bodkin Arrow
19:11 Padded Archer Armor
23:36 Ballistics
33:25 Loom
34:36 Wheelbarrow
34:01 Horse Collar
37:26 Imperial Age
36:30 Hand Cart
37:14 Leather Archer Armor
37:19 Gold Mining
38:42 Bracer
38:13 Elite Mangudai
38:38 Onager
38:53 Onager
40:16 Drill
41:45 Heavy Scorpion
46:10 Chemistry
56:55 Caravan
59:37 Gold Shaft Mining
59:05 Double-Bit Axe
59:35 Heavy Plow
not sure
8:49 Feudal Age
9:35 Double-Bit Axe
10:07 Horse Collar
17:31 Castle Age
17:30 Gold Mining
17:55 Bloodlines
17:51 Scale Barding Armor
17:57 Forging
18:58 Bow Saw
20:38 Light Cavalry
21:31 Husbandry
26:20 Wheelbarrow
28:40 Hand Cart
28:47 Heavy Plow
30:46 Chain Barding Armor
34:29 Imperial Age
31:45 Loom
32:56 Iron Casting
32:23 Stone Mining
34:43 Stone Shaft Mining
35:44 Plate Barding Armor
34:33 Hussar
34:34 Cavalier
36:39 Crop Rotation
38:01 Blast Furnace
38:22 Vendel Legacy
39:23 Conscription
38:24 Elite Jarl
43:16 Caravan
el_Feist
7:55 Loom
10:41 Feudal Age
15:54 Castle Age
13:42 Double-Bit Axe
13:39 Horse Collar
17:30 Bow Saw
23:42 Scale Mail Armor
24:47 Wheelbarrow
28:26 Gold Mining
29:50 Forging
30:20 Squires
34:41 Imperial Age
32:40 Chain Mail Armor
32:26 Arson
34:14 Iron Casting
34:38 Gold Shaft Mining
34:02 Town Watch
36:08 Plate Mail Armor
35:32 Fletching
36:56 Hand Cart
36:27 Elite Skirmisher
37:22 Bodkin Arrow
37:28 Padded Archer Armor
37:55 Ballistics
38:08 Bracer
39:44 Chemistry
38:59 Capped Ram
40:46 Leather Archer Armor
40:39 Siege Engineers
41:33 Masonry
42:44 Ring Archer Armor
43:15 Blast Furnace
41:57 Elite Jomsviking
43:49 Town Patrol
44:48 Siege Ram
45:04 Pikeman
45:36 Hamask
47:01 Hoardings
48:04 Conscription
47:05 Northmen's Fury
49:44 Elite Varangian Guard
52:08 Halberdier
56:43 Murder Holes
JLoops
10:35 Feudal Age
14:10 Castle Age
12:21 Double-Bit Axe
12:47 Horse Collar
16:12 Bow Saw
20:22 Heavy Plow
21:49 Wheelbarrow
23:24 Hand Cart
24:22 Loom
24:52 Gold Mining
28:43 Imperial Age
26:08 Stone Mining
26:14 Town Watch
26:21 Fletching
27:11 Bodkin Arrow
28:19 Ballistics
28:59 Gold Shaft Mining
28:38 Padded Archer Armor
30:41 Chemistry
29:49 Bracer
30:17 Parthian Tactics
29:57 Thumb Ring
30:13 Bloodlines
30:05 Husbandry
30:23 Leather Archer Armor
31:52 Conscription
31:48 Masonry
31:53 Elite Mangudai
34:11 Caravan
34:37 Siege Engineers
35:11 Hoardings
35:59 Town Patrol
37:29 Stone Shaft Mining
39:42 Fortified Wall
ds_manu2
11:23 Feudal Age
16:32 Castle Age
15:13 Double-Bit Axe
15:17 Horse Collar
17:53 Bow Saw
19:19 Scale Mail Armor
20:48 Forging
20:29 Loom
21:48 Fletching
25:20 Bodkin Arrow
29:23 Wheelbarrow
33:36 Imperial Age
32:04 Hand Cart
32:15 Gold Mining
32:34 Scale Barding Armor
33:04 Iron Casting
32:47 Town Watch
33:24 Heavy Plow
34:14 Chain Barding Armor
34:32 Bloodlines
34:22 Husbandry
34:42 Hauberk
34:16 Cavalier
35:59 Gold Shaft Mining
36:40 Blast Furnace
36:16 Plate Barding Armor
39:44 Bracer
40:15 Conscription
41:36 Light Cavalry
42:34 Caravan
Nikems
7:16 Loom
13:27 Feudal Age
15:40 Horse Collar
18:05 Wheelbarrow
18:08 Double-Bit Axe
21:00 Gold Mining
21:01 Stone Mining
23:40 Castle Age
38:29 Hand Cart
41:19 Heavy Plow
45:20 Imperial Age
45:31 Caravan
45:48 Husbandry
46:01 Bloodlines
45:12 Cavalier
46:07 Forging
46:03 Scale Barding Armor
49:45 Light Cavalry
53:12 Hussar
ME_DEPRIME_JUGAR_CON_USTEDES
0:29 Loom
11:18 Feudal Age
12:55 Double-Bit Axe
15:53 Castle Age
14:41 Stone Mining
14:40 Horse Collar
17:30 Fletching
18:34 Wheelbarrow
19:14 Bodkin Arrow
20:12 Padded Archer Armor
28:16 Gold Mining
32:03 Leather Archer Armor
37:07 Imperial Age
35:25 Hand Cart
36:29 Ballistics
37:12 Thumb Ring
37:59 Bracer
38:25 Elite Plumed Archer
39:44 Bow Saw
40:09 Conscription
41:44 Two-Man Saw
41:17 Ring Archer Armor
42:51 Guilds
43:13 Coinage
44:41 Squires
44:02 Eagle Warrior
45:57 Elite Eagle Warrior
48:18 Caravan
49:30 Holcans
49:02 Scale Mail Armor
50:37 Chain Mail Armor
55:22 Chemistry
56:04 Plate Mail Armor
54:59 Pikeman
58:52 Forging
Connection lost

Rejoining the realm…

Still unreachable

The connection could not be restored.

Session expired

The server has moved on; the page needs a fresh start.